[Event "Titled Tuesday Blitz May 30 Late 2023"]
[White "Kielinkei"]
[Black "Tristan, Leonardo"]
[BlackFideId "113816"]
[WhiteElo "2475"]
[BlackElo "2461"]
[Result "0-1"]
[Round "03"]
[TimeControl "180+2"]
[Date "2023.05.31"]
[WhiteClock "0:00:22"]
[BlackClock "0:02:20"]

1. d4 d5 2. c4 e6 3. Nc3 a6 4. cxd5 exd5 5. Bf4 Nf6 6. e3 c5 7. Nf3 c4 8. Be2 b5 9. a3 Bb7 10. O-O Be7 11. Ne5 O-O 12. Qc2 Nbd7 13. Bf3 g6 14. Rfe1 Re8 15. Rad1 Bf8 16. Nxd7 Qxd7 17. Be5 Ne4 18. Nxe4 dxe4 19. Be2 Bd5 20. f3 Qc6 21. Kf1 exf3 22. gxf3 Bxf3 23. Kg1 Bh6 24. Bxf3 Qxf3 25. Qe2 Qe4 0-1


[Site "https://www.chess.com"]

[Event "Titled Tuesday Blitz May 30 Late 2023"]
[White "Sieciechowicz, Marcin"]
[Black "Rottenwohrer Suarez, Juan"]
[WhiteFideId "1130170"]
[BlackFideId "32068182"]
[WhiteElo "2302"]
[BlackElo "2174"]
[Result "1/2-1/2"]
[Round "03"]
[TimeControl "180+2"]
[Date "2023.05.31"]
[WhiteClock "0:00:09"]
[BlackClock "0:00:07"]

1. d4 Nf6 2. c4 g6 3. Nc3 Bg7 4. e4 d6 5. f3 c6 6. Be3 a6 7. c5 b5 8. cxb6 Nbd7 9. Qd2 a5 10. Bd3 Nxb6 11. Nge2 Ba6 12. O-O Nc4 13. Bxc4 Bxc4 14. Rfd1 O-O 15. Rac1 Nd7 16. b3 Ba6 17. Na4 Bb5 18. Nec3 Qb8 19. Bh6 Bxh6 20. Qxh6 Rc8 21. Qe3 Qa7 22. Kf2 Rab8 23. Rd2 Ba6 24. Rdc2 Rb4 25. Rd2 e6 26. d5 Qxe3+ 27. Kxe3 exd5 28. exd5 Nf6 29. dxc6 Rxc6 30. Rcd1 d5 31. Nxd5 Nxd5+ 32. Rxd5 Re6+ 33. Kf2 Re2+ 34. Kg3 Rxa2 35. Rxa5 Bb5 36. Ra8+ Kg7 37. Rb8 Rxb3 38. Nc3 Rxc3 39. Rxb5 Rcc2 40. Rg1 h5 41. h4 Rd2 42. Re5 Rdc2 43. Re4 Rcb2 44. Kh3 Rc2 45. Ree1 Rcb2 46. Rb1 Rd2 47. Rbd1 Rdc2 48. Rc1 Rd2 49. Kg3 Re2 50. Rce1 Red2 51. Rd1 Rdc2 52. Rd4 Re2 53. Rd5 Rec2 54. Rd7 Re2 55. Rd5 Rec2 56. Rg5 Re2 57. Kh3 Reb2 58. Rc1 Rc2 59. Rxc2 Rxc2 60. Rb5 Rc1 61. Kg3 Rc6 62. Rb7 Rc4 63. Kh3 Rd4 64. g4 hxg4+ 65. fxg4 Rd3+ 66. Kg2 Rc3 67. Kf2 Rd3 68. Kg2 Rc3 69. Rd7 Rb3 70. Re7 Ra3 71. Re4 Rb3 72. Rf4 Ra3 73. Rf3 Rxf3 74. Kxf3 f5 75. gxf5 gxf5 76. Kf4 Kh6 77. h5 Kxh5 78. Kxf5 1/2-1/2


[Site "https://www.chess.com"]

[Event "Titled Tuesday Blitz May 30 Late 2023"]
[White "Filgueira, Hernan"]
[Black "Tanenbaum, Zachary"]
[WhiteFideId "101770"]
[BlackFideId "2060850"]
[WhiteElo "2363"]
[BlackElo "2175"]
[Result "1-0"]
[Round "03"]
[TimeControl "180+2"]
[Date "2023.05.31"]
[WhiteClock "0:00:23"]
[BlackClock "0:00:02"]

1. e4 e5 2. Nf3 Nc6 3. Bb5 a6 4. Ba4 d6 5. c3 Nf6 6. d3 Be7 7. Nbd2 O-O 8. O-O b5 9. Bc2 Re8 10. Re1 Bf8 11. a4 Bb7 12. Nf1 Nb8 13. Ng3 Nbd7 14. b4 d5 15. Bg5 h6 16. Be3 c5 17. Qb1 Ng4 18. Bd2 cxb4 19. cxb4 Qb6 20. Rf1 Rac8 21. h3 Ngf6 22. Be3 d4 23. Bd2 Rc7 24. a5 Qc6 25. Bb3 Bc8 26. Qa2 Nb8 27. Rac1 Qb7 28. Rxc7 Qxc7 29. Rc1 Qb7 30. Qc2 Be6 31. Bxe6 Rxe6 32. Qc8 Qxc8 33. Rxc8 Nc6 34. Nf5 Ne8 35. N3h4 Bxb4 36. Rxc6 Bxd2 37. Rc8 Bxa5 38. f4 g6 39. Nxh6+ Kg7 40. f5 Re7 41. Ng4 Nd6 42. f6+ Kh7 43. fxe7 Nxc8 44. e8=Q Nd6 45. Qe7 Bb4 46. Qxe5 a5 47. Nf6+ Kh6 48. Nd7 a4 49. Nf3 Kh7 50. Ng5+ Kg8 51. Nf6+ Kf8 52. Ngh7+ Kg7 53. Ne8+ Kxh7 54. Nxd6 a3 55. Nxf7 g5 56. Nxg5+ Kg6 57. Qf5+ Kg7 58. Qf7+ Kh6 59. h4 a2 60. Qh7# 1-0


[Site "https://www.chess.com"]

[Event "Titled Tuesday Blitz May 30 Late 2023"]
[White "Vovk, Orest"]
[Black "Bashirli, Nail"]
[WhiteFideId "14113490"]
[BlackFideId "13406809"]
[WhiteElo "2215"]
[BlackElo "2311"]
[Result "1/2-1/2"]
[Round "03"]
[TimeControl "180+2"]
[Date "2023.05.31"]
[WhiteClock "0:00:07"]
[BlackClock "0:00:48"]

1. g4 Nf6 2. g5 Ng8 3. Bg2 a5 4. h4 a4 5. a3 g6 6. h5 Bg7 7. h6 Bf8 8. d4 d5 9. Nc3 c6 10. e4 dxe4 11. Nxe4 Bf5 12. Ne2 Bxe4 13. Bxe4 e6 14. Bf4 Bd6 15. Qd2 Ne7 16. O-O-O Na6 17. Be5 Bxe5 18. dxe5 Qxd2+ 19. Rxd2 Nc5 20. Nc3 Nd5 21. Bxd5 cxd5 22. Nb5 Ke7 23. Nd6 Ra6 24. Rh4 Nd7 25. f4 Rxd6 26. exd6+ Kxd6 27. c4 Rc8 28. f5 gxf5 29. Kd1 Nb6 30. cxd5 Nxd5 31. Rxa4 Rg8 32. Ra7 Kc6 33. b4 Rxg5 34. Ra8 Rh5 35. Rc8+ Kd7 36. Rf8 Ke7 37. Rb8 b5 38. Rxd5 exd5 39. Rxb5 Kd6 40. a4 f4 41. Ke2 Rh3 42. a5 Ra3 43. Rb6+ Ke5 44. Rb7 Ra2+ 45. Kf3 Ra3+ 46. Ke2 d4 47. Rxf7 Ra2+ 48. Kd3 Ra3+ 49. Kd2 f3 50. Rxh7 Ra2+ 51. Kd3 Ra3+ 52. Kd2 Ke6 53. Rh8 Kf7 54. h7 Ra2+ 55. Kd3 Kg7 56. Rf8 Ra3+ 57. Kxd4 Kxh7 58. Ke4 Rb3 59. Rxf3 Rxb4+ 60. Ke3 Rb5 61. a6 Ra5 62. Rf6 Kg7 63. Rb6 Kf7 64. Kd4 Ke7 65. Kc4 Kd7 66. Kb4 Ra1 67. Rh6 Kc7 68. Kb5 Rb1+ 69. Ka5 Ra1+ 70. Kb5 Rb1+ 71. Kc5 Kb8 72. Kc4 Ka7 73. Kc3 Rc1+ 74. Kb2 Rc7 75. Kb3 Re7 76. Kb4 Rd7 77. Kb5 Rc7 78. Rd6 Rf7 79. Kc5 Rh7 80. Kb5 Rc7 81. Ka5 Rh7 82. Kb5 Rh5+ 83. Kb4 Rh7 84. Kb5 1/2-1/2


[Site "https://www.chess.com"]

[Event "Titled Tuesday Blitz May 30 Late 2023"]
[White "Goltsev, Dmitry"]
[Black "Sanhueza, Cristian"]
[WhiteFideId "24176710"]
[BlackFideId "116815"]
[WhiteElo "2356"]
[BlackElo "2174"]
[Result "1-0"]
[Round "03"]
[TimeControl "180+2"]
[Date "2023.05.31"]
[WhiteClock "0:01:30"]
[BlackClock "0:00:03"]

1. e4 e5 2. Nf3 Nc6 3. Bb5 a6 4. Ba4 Nf6 5. O-O Be7 6. Re1 b5 7. Bb3 d6 8. c3 O-O 9. h3 Nb8 10. d4 Nbd7 11. Nbd2 Bb7 12. a4 c6 13. Nf1 Qc7 14. Ng3 g6 15. Bh6 Rfe8 16. Ng5 d5 17. Qf3 Bd6 18. Nf5 gxf5 19. Qxf5 Bf8 20. Bxf8 Kxf8 21. f4 h6 22. fxe5 hxg5 23. exf6 dxe4 24. Bxf7 Kxf7 25. Qh7+ Ke6 26. f7 Nf6 27. fxe8=Q+ 1-0


[Site "https://www.chess.com"]

[Event "Titled Tuesday Blitz May 30 Late 2023"]
[White "Domingo Nunez, Ruben"]
[Black "LangesNasenhaar"]
[WhiteFideId "22245570"]
[WhiteElo "2404"]
[BlackElo "2472"]
[Result "1-0"]
[Round "03"]
[TimeControl "180+2"]
[Date "2023.05.31"]
[WhiteClock "0:01:41"]
[BlackClock "0:00:05"]

1. b3 Nf6 2. Bb2 g6 3. Nf3 Bg7 4. g3 c5 5. c4 O-O 6. Bg2 Nc6 7. O-O b6 8. d4 cxd4 9. Nxd4 Bb7 10. Nc3 Rc8 11. Rc1 Qc7 12. Nc2 Qb8 13. Qd2 Rfd8 14. Ne3 d6 15. Rfd1 Ne5 16. Ncd5 Rd7 17. Bh3 Nxd5 18. Bxd7 Nxe3 19. Bxc8 Qxc8 20. Qxe3 Qh3 21. Rd5 Ng4 22. Qf3 Bxb2 23. Rc2 Bd4 24. e3 Bf6 25. Qg2 Qxg2+ 26. Kxg2 e6 27. f3 Ne5 28. Rxd6 Nxf3 29. Rd7 Bc6 30. Rc7 Be4 31. Rf2 Ne1+ 32. Kf1 Be5 33. Rc8+ Kg7 34. Kxe1 Bc3+ 35. Ke2 Be5 36. Rd8 h5 37. Rd7 Bf5 38. e4 Bg4+ 39. Ke3 Bf6 40. Rxa7 g5 41. e5 1-0


[Site "https://www.chess.com"]

[Event "Titled Tuesday Blitz May 30 Late 2023"]
[White "Kaplan, Avi Harrison"]
[Black "laziestwin"]
[WhiteFideId "30934559"]
[WhiteElo "1983"]
[BlackElo "2654"]
[Result "1/2-1/2"]
[Round "03"]
[TimeControl "180+2"]
[Date "2023.05.31"]
[WhiteClock "0:00:02"]
[BlackClock "0:00:04"]

1. g3 d5 2. Bg2 Nf6 3. d3 c6 4. Nf3 Bg4 5. O-O Nbd7 6. Nc3 e5 7. e4 dxe4 8. dxe4 Bc5 9. h3 Bxf3 10. Qxf3 O-O 11. Be3 Qe7 12. Rfd1 Rfd8 13. Bxc5 Nxc5 14. Rxd8+ Rxd8 15. Rd1 Ne6 16. Rxd8+ Qxd8 17. Qd1 Nd4 18. Qd3 h6 19. Nd1 Qb6 20. c3 Ne6 21. Qd2 Nc5 22. Qd6 Ncd7 23. Bf1 Qc5 24. Qxc5 Nxc5 25. f3 Kf8 26. Kf2 Ke7 27. Ke3 Nfd7 28. Bc4 a5 29. a3 a4 30. Nf2 Nb6 31. Ba2 Nb3 32. Bxb3 axb3 33. Kd3 Kd6 34. c4 Na4 35. Nd1 Kc5 36. f4 f6 37. fxe5 fxe5 38. Ne3 Nxb2+ 39. Kc3 Na4+ 40. Kxb3 Nb6 41. Kc3 g6 42. g4 Nc8 43. h4 Nd6 44. Kd3 b6 45. h5 gxh5 46. gxh5 Ne8 47. Nf5 Nf6 48. Nxh6 Nxh5 49. Ng4 Nf4+ 50. Kc3 Ne2+ 51. Kd3 Nf4+ 52. Ke3 Ng6 53. Kd3 Kd6 54. Kc3 Nf8 55. Ne3 Ne6 56. Nf5+ Kc7 57. Kd3 Nc5+ 58. Ke3 Kd7 59. Ng3 Ke6 60. Kd2 Nb7 61. Kc3 Nd6 62. Kd3 Kf6 63. a4 c5 64. Ne2 Ke6 65. Nc3 Kd7 66. Nd5 Kc6 67. Nf6 Kb7 68. Ng4 Nf7 69. Ne3 Ka6 70. Kc3 Ka5 71. Kb3 Nd6 72. Ng4 Nxe4 73. Nxe5 Nd2+ 74. Ka3 Nb1+ 75. Kb2 Nd2 76. Ka3 Ne4 77. Nd3 Nd6 78. Ne5 Nf5 79. Kb3 Nd4+ 80. Ka3 Ka6 81. Nd3 Kb7 82. Nb2 Kc6 83. Nd3 Kd6 84. Kb2 Nc6 85. Kc3 Ne5 86. Nc1 Ke6 87. Nb3 Nc6 88. Nc1 Ke5 89. Nb3 Ke4 90. Nc1 Ke3 91. Nb3 Na5 92. Nc1 Nb7 93. Nb3 Ke4 94. Nc1 Kf4 95. Nb3 Ke3 96. Nc1 Nd6 97. Nb3 Ne4+ 98. Kc2 Nd6 99. Kc3 Nb7 100. Nc1 Kf2 101. Nd3+ Ke2 102. Ne5 Nd6 103. Nd7 Nc8 104. Ne5 Ke3 105. Nd3 Ke4 106. Nc1 Nd6 107. Nb3 Nb7 108. Nc1 Ke3 109. Nd3 Nd6 110. Ne5 Ne4+ 111. Kb3 Nd6 112. Kc3 Ke4 113. Nd3 Nb7 114. Nc1 1/2-1/2


[Site "https://www.chess.com"]

[Event "Titled Tuesday Blitz May 30 Late 2023"]
[White "Omariev, Maksim"]
[Black "Popilski, Gil"]
[WhiteFideId "4193423"]
[BlackFideId "2809060"]
[WhiteElo "2468"]
[BlackElo "2537"]
[Result "0-1"]
[Round "03"]
[TimeControl "180+2"]
[Date "2023.05.31"]
[WhiteClock "0:00:31"]
[BlackClock "0:00:42"]

1. e4 c5 2. Nf3 e6 3. d4 cxd4 4. Nxd4 Nc6 5. c4 Nf6 6. Nxc6 bxc6 7. Bd3 e5 8. O-O Bc5 9. Nc3 O-O 10. Bg5 h6 11. Bh4 g5 12. Bg3 d6 13. a3 a5 14. Rb1 Rb8 15. Kh1 Be6 16. Na4 Bd4 17. b4 axb4 18. axb4 h5 19. f3 h4 20. Bf2 Bxf2 21. Rxf2 Nh5 22. Rd2 Qf6 23. Bf1 Qf4 24. Qe1 Ng3+ 25. Kg1 Nxf1 26. Kxf1 Qxh2 27. Qf2 Bxc4+ 28. Re2 Qh1+ 0-1


[Site "https://www.chess.com"]

[Event "Titled Tuesday Blitz May 30 Late 2023"]
[White "Vlassov, Nikolai"]
[Black "Ponce Cano, Adrian"]
[WhiteFideId "4103360"]
[BlackFideId "22296913"]
[WhiteElo "2324"]
[BlackElo "2211"]
[Result "1/2-1/2"]
[Round "03"]
[TimeControl "180+2"]
[Date "2023.05.31"]
[WhiteClock "0:00:30"]
[BlackClock "0:00:27"]

1. g4 d5 2. Bg2 c6 3. h3 e5 4. d4 e4 5. c4 h6 6. Nc3 Nf6 7. g5 hxg5 8. Bxg5 Be7 9. Qb3 dxc4 10. Qxc4 Be6 11. Qa4 b5 12. Qd1 Bd5 13. e3 Nbd7 14. Nge2 Qa5 15. Ng3 b4 16. Nce2 Bc4 17. h4 b3+ 18. Nc3 bxa2 19. Bxf6 Nxf6 20. Nxe4 Nxe4 21. Bxe4 Rb8 22. Bxc6+ Kf8 23. Qd2 Qb6 24. Bd5 Bxd5 25. Nxd5 Qb7 26. e4 Qxb2 27. Qxb2 Rxb2 28. O-O Bxh4 29. Nc3 Rh6 30. Rxa2 Rg6+ 31. Kh2 Rb3 32. Nd5 Rh6 33. Kg2 Rg6+ 34. Kh2 Rh6 35. Rxa7 Bd8+ 36. Kg2 Rg6+ 37. Kh2 Rh6+ 38. Kg2 Rg6+ 39. Kh2 Rh6+ 1/2-1/2


[Site "https://www.chess.com"]

[Event "Titled Tuesday Blitz May 30 Late 2023"]
[White "Estrada Nieto, Julian"]
[Black "Rostomyan, Mikayel"]
[WhiteFideId "5101018"]
[BlackFideId "13313754"]
[WhiteElo "2161"]
[BlackElo "2061"]
[Result "1-0"]
[Round "03"]
[TimeControl "180+2"]
[Date "2023.05.31"]
[WhiteClock "0:00:25"]
[BlackClock "0:00:02"]

1. e4 c5 2. Nf3 Nc6 3. Bb5 g6 4. Bxc6 bxc6 5. O-O Bg7 6. Re1 Nf6 7. c3 O-O 8. e5 Nd5 9. d4 cxd4 10. cxd4 d6 11. h3 c5 12. Nc3 Nxc3 13. bxc3 Bb7 14. Rb1 Rb8 15. Bg5 Bxf3 16. Qxf3 Rxb1 17. Rxb1 cxd4 18. cxd4 dxe5 19. dxe5 Bxe5 20. Qb7 Qd3 21. Re1 f6 22. Qxe7 Rf7 23. Qe8+ Rf8 24. Qe6+ Kg7 25. Be3 Rf7 26. Bh6+ Kxh6 27. Qxf7 Qd6 28. Qc4 g5 29. Qg4 Qd2 30. Rd1 Qxa2 31. h4 Qg8 32. Rd7 Bf4 33. g3 Bc1 34. Rxa7 Qb8 35. hxg5+ 1-0


[Site "https://www.chess.com"]

[Event "Titled Tuesday Blitz May 30 Late 2023"]
[White "Castaneda, Jhon David"]
[Black "Gil Alba, Hector Luis"]
[WhiteFideId "4405048"]
[BlackFideId "3504670"]
[WhiteElo "2086"]
[BlackElo "2331"]
[Result "0-1"]
[Round "03"]
[TimeControl "180+2"]
[Date "2023.05.31"]
[WhiteClock "0:00:46"]
[BlackClock "0:00:22"]

1. d4 Nf6 2. Nf3 e6 3. c4 d5 4. Nc3 Bb4 5. cxd5 exd5 6. Qa4+ Nc6 7. Bg5 h6 8. Bxf6 Qxf6 9. e3 Bxc3+ 10. bxc3 O-O 11. Be2 Ne7 12. Ne5 Nf5 13. O-O c6 14. c4 dxc4 15. Qxc4 Be6 16. Qb4 Rab8 17. a4 Rfc8 18. Rfc1 Bd5 19. g3 b6 20. Nd7 Qe6 21. Ne5 c5 22. Qd2 cxd4 23. exd4 f6 24. Nf3 Rxc1+ 25. Rxc1 Re8 26. Rc2 Qxe2 27. Qxe2 Rxe2 28. Rxe2 Bxf3 29. Rd2 Bd5 30. f3 Nd6 31. Kf2 Kf7 32. Rc2 Nc4 33. Re2 a6 34. g4 b5 35. axb5 axb5 36. Ra2 b4 37. Ra4 b3 38. Rb4 b2 39. Ke2 f5 40. Kd3 fxg4 41. fxg4 b1=Q+ 42. Rxb1 Be4+ 43. Kxe4 Nd2+ 44. Ke5 Nxb1 45. d5 Na3 46. Kd6 Nc4+ 47. Kc5 Ne5 48. h3 Ke7 49. Kd4 Kd6 50. Ke4 g6 51. Kd4 Nf3+ 52. Ke3 Ng5 53. h4 Nf7 54. Ke4 Ne5 55. h5 g5 56. Kf5 Nxg4 57. Kxg4 Kxd5 58. Kf3 Ke5 59. Ke3 Kf5 60. Kf3 g4+ 61. Kg3 Kg5 0-1


[Site "https://www.chess.com"]

[Event "Titled Tuesday Blitz May 30 Late 2023"]
[White "Sztokbant, Bernardo Vainzoff"]
[Black "Bjelobrk, Igor"]
[WhiteFideId "2115956"]
[BlackFideId "4300726"]
[WhiteElo "2222"]
[BlackElo "2319"]
[Result "0-1"]
[Round "03"]
[TimeControl "180+2"]
[Date "2023.05.31"]
[WhiteClock "0:01:20"]
[BlackClock "0:01:19"]

1. e4 e6 2. d4 d5 3. Nd2 c5 4. exd5 Qxd5 5. Ngf3 cxd4 6. Bc4 Qd7 7. O-O Nc6 8. Nb3 a6 9. Nbxd4 Nxd4 10. Nxd4 Nf6 11. c3 b5 12. Be2 Bb7 13. Bf3 Nd5 14. a4 Be7 15. axb5 axb5 16. Rxa8+ Bxa8 17. Qb3 b4 18. c4 Nc7 19. Bxa8 Nxa8 20. Be3 O-O 21. Ra1 Nc7 22. Ra7 Bc5 23. Qa4 Qxa4 24. Rxa4 Rd8 25. Kf1 Bxd4 26. Bxd4 Rxd4 27. Rxb4 Kf8 28. Ke2 Ke7 29. Ke3 e5 30. Ra4 f5 31. b3 f4+ 32. Ke2 e4 33. Ra7 Kd6 34. Ra5 h6 35. h4 Rd3 36. Ra3 Ne6 37. Ra6+ Ke5 38. b4 f3+ 39. gxf3 Nf4+ 40. Ke1 exf3 0-1


[Site "https://www.chess.com"]

[Event "Titled Tuesday Blitz May 30 Late 2023"]
[White "Bernabeu Lopez, Carlos Javier"]
[Black "Jimenez Almeida, Luis David"]
[WhiteFideId "2235366"]
[BlackFideId "22242244"]
[WhiteElo "2344"]
[BlackElo "2245"]
[Result "1-0"]
[Round "03"]
[TimeControl "180+2"]
[Date "2023.05.31"]
[WhiteClock "0:01:27"]
[BlackClock "0:01:06"]

1. c4 g6 2. Nc3 Bg7 3. g3 f5 4. Bg2 Nf6 5. Nf3 d6 6. d4 O-O 7. O-O Nc6 8. d5 Ne5 9. Nxe5 dxe5 10. e4 f4 11. gxf4 exf4 12. e5 Ng4 13. e6 Ne5 14. b3 g5 15. Be4 Qe8 16. Kh1 Nxc4 17. bxc4 Bxc3 18. Rb1 h6 19. Qc2 Bg7 20. Bg6 Qd8 21. Rg1 Qd6 22. h4 Bf6 23. hxg5 hxg5 24. f3 c6 25. Qh2 1-0


[Site "https://www.chess.com"]

[Event "Titled Tuesday Blitz May 30 Late 2023"]
[White "Filipascu"]
[Black "Goncalves, Davi Sulzbacher"]
[BlackFideId "2154510"]
[WhiteElo "2608"]
[BlackElo "2182"]
[Result "0-1"]
[Round "03"]
[TimeControl "180+2"]
[Date "2023.05.31"]
[WhiteClock "0:00:50"]
[BlackClock "0:00:34"]

1. c4 c5 2. Nc3 Nf6 3. g3 g6 4. Bg2 Bg7 5. Nf3 O-O 6. O-O Nc6 7. a3 d5 8. cxd5 Nxd5 9. Qb3 Nb6 10. d3 Be6 11. Qd1 Qd7 12. Ng5 Bf5 13. Be3 Nd4 14. Rc1 Rac8 15. Nge4 Bh3 16. Bxh3 Qxh3 17. b4 cxb4 18. axb4 h6 19. Nc5 Nf5 20. Bd2 a5 21. bxa5 Rxc5 22. axb6 Nd4 23. f3 Rh5 24. Rf2 Nxf3+ 25. exf3 Bd4 26. Qf1 Qxh2# 0-1


[Site "https://www.chess.com"]

[Event "Titled Tuesday Blitz May 30 Late 2023"]
[White "Pasti, Aron"]
[Black "TimGrutter03"]
[WhiteFideId "785857"]
[WhiteElo "2173"]
[BlackElo "2608"]
[Result "1-0"]
[Round "03"]
[TimeControl "180+2"]
[Date "2023.05.31"]
[WhiteClock "0:01:42"]
[BlackClock "0:00:50"]

1. e4 e5 2. Nf3 Nc6 3. Bb5 a6 4. Ba4 Nf6 5. O-O Nxe4 6. d4 b5 7. Bb3 d5 8. dxe5 Bc5 9. Nbd2 Nxd2 10. Bxd2 Be6 11. c3 O-O 12. Bg5 Be7 13. Bxe7 Qxe7 14. Re1 Na5 15. Bc2 c5 16. Qd3 g6 17. Qe3 Rfd8 18. Qh6 Qf8 19. Qh4 d4 20. cxd4 cxd4 21. Nxd4 Rac8 22. Rad1 Rxd4 23. Rxd4 Nc6 24. Rd2 Nb4 25. Red1 Nd5 26. Be4 Qc5 27. Bxd5 Bxd5 28. h3 Be6 29. Qf6 1-0


[Site "https://www.chess.com"]

[Event "Titled Tuesday Blitz May 30 Late 2023"]
[White "Le Goff, Ronan"]
[Black "Hossain, Enamul"]
[WhiteFideId "612073"]
[BlackFideId "10200649"]
[WhiteElo "2275"]
[BlackElo "2433"]
[Result "0-1"]
[Round "03"]
[TimeControl "180+2"]
[Date "2023.05.31"]
[WhiteClock "0:01:14"]
[BlackClock "0:00:38"]

1. d4 Nf6 2. c4 e6 3. Nf3 d5 4. g3 Bb4+ 5. Bd2 a5 6. Bg2 O-O 7. O-O dxc4 8. Bg5 b5 9. a4 c6 10. axb5 cxb5 11. b3 cxb3 12. Qxb3 Bb7 13. Nc3 Bxc3 14. Qxc3 Ne4 15. Bxd8 Nxc3 16. Bxa5 Nxe2+ 17. Kh1 Nc6 18. Bb6 Nc3 19. Rxa8 Rxa8 20. Ne5 Nd5 21. Bxd5 exd5 22. Nd7 Bc8 23. Nc5 Bh3 24. Re1 Nxd4 25. Nd3 Nf3 26. Rd1 g5 27. Bd4 h5 28. Be3 d4 29. Bc1 Ra1 30. Nb4 Rb1 31. Nc2 d3 32. Na3 Ra1 33. Nxb5 d2 34. Nc3 dxc1=Q 0-1


[Site "https://www.chess.com"]

[Event "Titled Tuesday Blitz May 30 Late 2023"]
[White "Buchenau, Frank"]
[Black "Korchmar, Vasiliy"]
[WhiteFideId "4604350"]
[BlackFideId "24131750"]
[WhiteElo "2157"]
[BlackElo "2370"]
[Result "0-1"]
[Round "03"]
[TimeControl "180+2"]
[Date "2023.05.31"]
[WhiteClock "0:00:56"]
[BlackClock "0:01:58"]

1. e4 c5 2. Nf3 d6 3. Bb5+ Nd7 4. O-O a6 5. Bd3 Ngf6 6. Re1 e6 7. c3 b5 8. Bc2 Bb7 9. d4 Be7 10. Nbd2 O-O 11. Nf1 Qc7 12. Ng3 Rfc8 13. Bd3 cxd4 14. cxd4 b4 15. Bd2 a5 16. Rc1 Qb6 17. Qe2 e5 18. Nf5 Bf8 19. Be3 Ng4 20. Bg5 exd4 21. Be7 Nde5 22. Bxf8 Rxf8 23. N3xd4 g6 24. Ne7+ Kg7 25. h3 Qxd4 26. hxg4 Qxd3 0-1


[Site "https://www.chess.com"]

[Event "Titled Tuesday Blitz May 30 Late 2023"]
[White "reevecanada"]
[Black "Chor, Kevin"]
[BlackFideId "2090740"]
[WhiteElo "2446"]
[BlackElo "2602"]
[Result "1-0"]
[Round "03"]
[TimeControl "180+2"]
[Date "2023.05.31"]
[WhiteClock "0:00:10"]
[BlackClock "0:00:05"]

1. e4 c5 2. Nf3 d6 3. d4 cxd4 4. Qxd4 a6 5. c4 Nc6 6. Qd1 Nf6 7. Nc3 g6 8. Be2 Bg7 9. O-O O-O 10. Rb1 Bg4 11. b3 Rc8 12. Bb2 Qa5 13. Nd5 Nxe4 14. Bxg7 Kxg7 15. Nd4 Bxe2 16. Qxe2 Nd2 17. Nxc6 bxc6 18. Nxe7 Rce8 19. b4 Qg5 20. f4 Rxe7 21. Qxd2 Qf6 22. Rbd1 Rd8 23. a3 d5 24. cxd5 cxd5 25. Rfe1 d4 26. g3 d3 27. Rxe7 Qxe7 28. Qc3+ Kg8 29. Rxd3 Re8 30. Qd2 Qf6 31. Re3 Rd8 32. Qe2 Qb6 33. Qf2 Kg7 34. Re5 Rd1+ 35. Kg2 Qc6+ 36. Kh3 Qd7+ 37. f5 Rd2 38. Qf4 Rd4 39. Qe3 Rd3 40. Qc5 gxf5 41. Rxf5 Qe6 42. Kh4 Qh6+ 43. Rh5 Qf6+ 44. Qg5+ Qxg5+ 45. Rxg5+ Kf6 46. Ra5 Rd4+ 47. g4 Rd6 48. Kh5 Kg7 49. h4 Rh6+ 50. Kg5 Rd6 51. h5 h6+ 52. Kf4 Rc6 53. Ke3 Kf6 54. Kd4 Rd6+ 55. Rd5 Re6 56. Kc5 Re3 57. a4 Rb3 58. a5 Rc3+ 59. Kb6 Rc4 60. b5 axb5 61. a6 Rxg4 62. a7 Ra4 63. Rxb5 Ke6 64. Ra5 Rb4+ 65. Ka6 f5 66. a8=Q Kf6 67. Qc6+ Kg5 68. Qg6+ Kh4 69. Rxf5 Ra4+ 70. Ra5 Rg4 71. Qxg4+ Kxg4 72. Kb6 1-0


[Site "https://www.chess.com"]

[Event "Titled Tuesday Blitz May 30 Late 2023"]
[White "MKlose11"]
[Black "Shapiro, Viktor"]
[BlackFideId "4175700"]
[WhiteElo "2602"]
[BlackElo "2152"]
[Result "1-0"]
[Round "03"]
[TimeControl "180+2"]
[Date "2023.05.31"]
[WhiteClock "0:00:09"]
[BlackClock "0:00:15"]

1. e4 c5 2. Nc3 Nc6 3. g3 g6 4. Bg2 Bg7 5. d3 e6 6. Be3 b6 7. Qd2 h6 8. Nge2 Nge7 9. O-O Bb7 10. d4 cxd4 11. Nxd4 Nxd4 12. Bxd4 O-O 13. Bxg7 Kxg7 14. Rad1 Bc6 15. Qd4+ Kg8 16. e5 Nf5 17. Qd2 Qc7 18. f4 Rad8 19. Be4 d5 20. Bxf5 gxf5 21. Qd4 Kh7 22. Ne2 Bb5 23. Rd2 Rc8 24. Rf2 Bxe2 25. Rfxe2 Qc5 26. Kf2 Rc7 27. Rd3 Rfc8 28. Qxc5 bxc5 29. Ra3 c4 30. Ke3 Rb7 31. b3 c3 32. Kd3 Kg6 33. Ra6 h5 34. h4 Rcc7 35. Re3 Rb4 36. Re2 Re4 37. a3 Kg7 38. Ra5 Kg6 39. Rb5 Kg7 40. Rb8 Kh7 41. a4 Kg7 42. a5 Rc5 43. b4 Rcc4 44. Rxe4 fxe4+ 45. Ke3 f6 46. b5 Rb4 47. b6 axb6 48. Rxb6 Ra4 49. Rxe6 f5 50. Rd6 Rxa5 51. Kd4 Ra4+ 52. Kxc3 Rc4+ 53. Kd2 Rc5 54. c3 Kf7 55. Ke2 Ke7 56. Kd2 Kf7 57. Rf6+ Ke7 58. Rxf5 Ra5 59. Rxh5 Ra2+ 60. Ke3 Rc2 61. Kd4 Rd2+ 62. Ke3 Rd3+ 63. Ke2 Rxc3 64. f5 Rf3 65. g4 d4 66. Rh7+ Kd8 67. e6 d3+ 68. Kd2 Rf2+ 69. Ke1 Re2+ 70. Kf1 e3 71. Rd7+ Ke8 72. Rxd3 Rf2+ 73. Kg1 Rf4 74. Rxe3 Rxg4+ 75. Kf2 Rf4+ 76. Rf3 Rxh4 77. Kg3 Rh1 78. Kf4 Ke7 79. Rg3 Rf1+ 80. Kg5 Rf2 81. Kg6 Rf4 82. Rg5 Rf1 83. Rg4 Rf3 84. Kg5 Rf1 85. Rg2 Rf3 86. Rg4 Rf1 87. Rg3 Rf2 88. Rb3 Rg2+ 89. Kf4 Kf6 90. Rb7 Rf2+ 91. Ke4 Re2+ 92. Kd5 Re5+ 93. Kd6 Re1 94. Rf7+ Kg5 95. e7 Rd1+ 96. Kc5 Re1 97. f6 Kg6 98. Rf8 1-0


[Site "https://www.chess.com"]

[Event "Titled Tuesday Blitz May 30 Late 2023"]
[White "Mackster23"]
[Black "Perez, Maximiliano"]
[BlackFideId "117234"]
[WhiteElo "2444"]
[BlackElo "2344"]
[Result "0-1"]
[Round "03"]
[TimeControl "180+2"]
[Date "2023.05.31"]
[WhiteClock "0:00:21"]
[BlackClock "0:01:32"]

1. e4 c5 2. Nf3 Nc6 3. d4 cxd4 4. Nxd4 e5 5. Nb5 d6 6. N1c3 a6 7. Na3 Be7 8. Nd5 Nf6 9. Nxf6+ Bxf6 10. c4 O-O 11. Bd3 Bg5 12. O-O Be6 13. Nc2 Rc8 14. b3 g6 15. Ba3 f5 16. exf5 gxf5 17. Be2 Be7 18. Bf3 e4 19. Re1 Bf6 20. Rb1 Be5 21. Be2 Kh8 22. Bb2 Rg8 23. Bf1 Qh4 24. Bxe5+ dxe5 25. Qd6 Rg6 26. Qc5 Rcg8 27. b4 f4 28. g3 fxg3 29. fxg3 Rxg3+ 30. hxg3 Qxg3+ 31. Kh1 Qh4+ 0-1


[Site "https://www.chess.com"]

[Event "Titled Tuesday Blitz May 30 Late 2023"]
[White "Aldokhin, Ivan"]
[Black "Harriott, Tyrell"]
[WhiteFideId "24115720"]
[BlackFideId "2086484"]
[WhiteElo "2322"]
[BlackElo "2107"]
[Result "1-0"]
[Round "03"]
[TimeControl "180+2"]
[Date "2023.05.31"]
[WhiteClock "0:00:19"]
[BlackClock "0:01:20"]

1. e4 e6 2. d4 d5 3. exd5 exd5 4. Bd3 Bd6 5. Nf3 Nf6 6. O-O O-O 7. h3 h6 8. Nc3 c6 9. Ne5 Nbd7 10. f4 Qb6 11. Kh1 Kh8 12. Be3 Qxb2 13. Qe1 Bb4 14. Bd2 Qa3 15. Rb1 Qa5 16. a3 Bxc3 17. Bxc3 Qd8 18. Bb4 Nxe5 19. fxe5 Re8 20. exf6 Rxe1 21. Rbxe1 Be6 22. Rxe6 fxe6 23. f7 Qf8 24. Bxf8 Rxf8 25. Bg6 b6 26. Kh2 c5 27. c3 cxd4 28. cxd4 b5 29. Kg3 a5 30. Kf4 b4 31. axb4 axb4 32. Ke5 b3 33. Kxe6 b2 34. Ke7 h5 35. Kxf8 b1=Q 36. Bxb1 h4 37. Rf4 g5 38. Rf6 1-0


[Site "https://www.chess.com"]